 Dungeon Crawl Stone Soup version 0.30-a0-605-gb2882149bf (webtiles) character file.

Game seed: 3545841529479387730

179 Zonian the Sneak (level 5, -7/28 HPs)
             Began as a Vine Stalker Brigand on Jan 7, 2023.
             Killed by divine providence
             ... invoked by an orc priest
              (11 damage)
             ... on level 4 of the Dungeon.
             The game lasted 00:06:50 (3242 turns).

Zonian the Sneak (Vine Stalker Brigand)             Turns: 3242, Time: 00:06:50

Health: -7/28      AC:  5    Str: 14    XL:     5   Next: 59%
Magic:  0/6        EV: 12    Int: 11    God:
Gold:   140        SH:  0    Dex: 17    Spells: 4/4 levels left

rFire   . . .      SeeInvis .    a - +3 dagger (freeze)
rCold   . . .      Faith    .    (no shield)
rNeg    . . .      Spirit   +    b - +0 robe
rPois   .          Reflect  .    (no helmet)
rElec   .          Harm     .    c - +0 cloak
rCorr   .          Rampage  .    (no gloves)
Will    +....                    m - +1 pair of boots
Stlth   +++                      o - amulet of magic regeneration
HPRegen 1.04/turn                r - ring of willpower
MPRegen 0.50/turn                (no ring)

@: no status effects
A: fangs 2, regeneration 1, magic shield, antimagic bite, no potion heal 2
a: no special abilities


You were on level 4 of the Dungeon.
You visited 1 branch of the dungeon, and saw 4 of its levels.

You collected 140 gold pieces.

Inventory:

Hand Weapons
 a - a +3 dagger of freezing (weapon)
 s - a +0 sling
 t - a +0 short sword
 w - a +0 scimitar
Missiles
 d - 7 poisoned darts (quivered)
 u - 3 silver boomerangs
Armour
 b - a +0 robe (worn)
 c - a +0 cloak (worn)
 m - a +1 pair of boots (worn)
Jewellery
 o - an amulet of magic regeneration (around neck)
 r - a ring of willpower (left hand)
Scrolls
 f - 3 scrolls of teleportation
 j - a scroll of immolation
Potions
 g - 2 potions of mutation {unknown}
 h - a potion of flight
 i - a potion of invisibility {unknown}
 k - a potion of lignification
 l - a potion of curing {unknown}


   Skills:
 + Level 3.1 Fighting
 + Level 3.2 Short Blades
 - Level 1.9 Throwing
 - Level 1.0 Dodging
 + Level 6.2 Stealth


You had 4 spell levels left.
You didn't know any spells.
Your spell library contained the following spells:

 Spells                   Type           Power      Damage    Failure   Level
 Sting                    Tmut/Pois      0%         1d3       34%         1
 Poisonous Vapours        Pois/Air       0%         N/A       47%         2
 Sublimation of Blood     Necr           0%         N/A       47%         2
 Olgreb's Toxic Radiance  Pois           0%         N/A       98%         4
 Petrify                  Tmut/Erth      0%         N/A       98%         4
 Irradiate                Conj/Tmut      0%         3d11      100%        5


Dungeon Overview and Level Annotations

Branches:
Dungeon (4/15)
 Temple: D:4-7

Altars:
Wu Jian

Shops:
D:3 :

Annotations:
D:4 Pikel


Innate Abilities, Weirdness & Mutations

You have extremely sharp teeth.
Your natural rate of healing is unusually fast.
When hurt, damage is shared between your health and your magic reserves.
Your bite disrupts and absorbs the magic of your enemies.
Potions cannot restore your health.


Message History

Your bite misses the orc priest.
The orc priest looks encouraged for a moment.
The orc priest invokes the aid of Beogh against you.
Beogh smites you!
* * * LOW HITPOINT WARNING * * *
You closely miss the orc priest. You bite the orc priest. You drain its power.
You feel invigorated.
The orc priest is heavily wounded.
The orc priest hits you but does no damage.
The orc priest invokes the aid of Beogh against you.
Beogh smites you!
* * * LOW HITPOINT WARNING * * *
You hit the orc priest. You freeze the orc priest.
Your bite misses the orc priest.
The orc priest is severely wounded.
Okay, then.
Okay, then.
You aren't carrying any items that you can evoke.
Unknown command.
Throw: 2 darts (curare)
Press: ? - help, Shift-Dir - straight line, f - orc priest
Aim: an orc priest, wielding a +0 hand axe (severely wounded, 60% to hit)
You throw a curare-tipped dart.
The curare-tipped dart hits the orc priest.
The orc priest is poisoned.
The orc priest convulses.
You kill the orc priest!
The orc priest looks satisfied for a moment.
Your Fighting skill increases to level 3!
Unknown command.
Throw: dart (curare)
Press: ? - help, Shift-Dir - straight line, f - orc priest
Aim: an orc priest, wielding a +0 hand axe and wearing a +0 leather armour (60% to hit)
You throw a curare-tipped dart.
The curare-tipped dart hits the orc priest.
The orc priest is poisoned.
The orc priest convulses.
The orc priest seems to slow down.
The orc priest is severely wounded.
The orc priest calls down the wrath of Beogh upon you.
Beogh smites you!
You die...

#.# #......... #.#
#......... #.#
#.#####.## #.# #.#
#.# #.# #.#***#.#*
#.# #.#,,,.... #.#
#.#,**#.##
########.# #.#,*
#.# #..oo.(@.#
#.#,* #.#
#.######## *,*,*
*,* *,* *,*,* *,**
*,* *,*,* *,,, *,*
*,*,* **** *,*
*,*,* *,* *,*,*
*,*************,*,*
*,,,,,,,,,,,,,,,,,*


You could see an orc priest (very poisoned, slow) and an orc.

Vanquished Creatures
  A lemure (D:3)
  An orc priest (D:4)
  An iguana (D:3)
  5 adders
  4 worms
  2 dart slugs (D:2)
  5 orcs
  11 ball pythons
  2 bats
  2 endoplasms
  A giant cockroach (D:1)
  4 hobgoblins
  4 jackals (D:3)
  4 quokkas
  3 frilled lizards
  6 goblins
  4 kobolds
  2 rats (D:2)
62 creatures vanquished.

Notes
Turn   | Place    | Note
-------+----------+-------------------------------------------
     0 | D:1      | Zonian the Vine Stalker Brigand began the quest for the
                  | Orb.
     0 | D:1      | Reached XP level 1. HP: 11/11 MP: 2/2
   175 | D:1      | Reached skill level 1 in Dodging
   175 | D:1      | Reached XP level 2. HP: 15/15 MP: 3/3
   282 | D:1      | Reached skill level 5 in Stealth
   905 | D:2      | Found an ornate altar of the Wu Jian Council.
  1201 | D:2      | Reached XP level 3. HP: 17/18 MP: 4/4
  1558 | D:2      | Gained mutation: Your natural rate of healing is unusually
                  | fast. [Vine Stalker growth]
  1558 | D:2      | Reached XP level 4. HP: 23/23 MP: 5/5
  2497 | D:3      | Found Mogizunaitz's Book Shop.
  2512 | D:3      | Reached skill level 6 in Stealth
  2512 | D:3      | Reached XP level 5. HP: 28/28 MP: 6/6
  2919 | D:4      | Noticed a lemure
  2919 | D:4      | Noticed a lemure
  2921 | D:4      | Noticed Pikel
  2939 | D:3      | Killed a lemure
  3084 | D:4      | Noticed a water moccasin
  3239 | D:4      | HP: 1/28 [orc priest/divine providence (8)]
  3242 | D:4      | Killed from afar by an orc priest

Illustrated notes

Levels and vault maps discovered:
D:1:      wheals_arrival_shading, layout_loops_ring
D:2:      layout_basic, basic_altar, hangedman_decor_lopped
D:3:      layout_loops_ring, serial_shops, shop
D:4:      layout_loops_ring, uniq_pikel, uniq_natasha, uniq_ijyb

Skill      XL: |  1  2  3  4  5 |
---------------+----------------+-----
Dodging        | 1 |  1.0
Stealth        | 5 6 |  6.2
Short Blades   | 2 3 |  3.2
Fighting       | 2 3 |  3.1
Throwing       | |  1.9

Action                   |  1- 3 |  4- 6 || total
-------------------------+-------+-------++-------
Melee: Dagger            |    56 |    76 ||   132
       Bite              |    11 |    19 ||    30
       Punch             |       |     1 ||     1
 Fire: Sling             |     2 |       ||     2
Throw: Dart              |    44 |     2 ||    46
  Use: Scroll            |       |    11 ||    11
 Stab: Sleeping          |     5 |    14 ||    19
Armor: Robe              |    10 |     7 ||    17
Dodge: Dodged            |    23 |    23 ||    46

Table legend: (Time is in decaauts)
 A = Elapsed time spent in this place.
 B = Non-inter-level travel time spent in this place.
 C = Inter-level travel time spent in this place.
 D = Time resting spent in this place.
 E = Time spent auto-exploring this place.
 F = Levels seen in this place.
 G = Mean time per level.
                   A        B        C        D        E       F      G
               +--------+--------+--------+--------+--------+-----+--------+
         Total |   3219 |   3097 |    122 |    695 |   1640 |   4 |  804.8 |
       Dungeon |   3219 |   3097 |    122 |    695 |   1640 |   4 |  804.8 |
               +--------+--------+--------+--------+--------+-----+--------+

Top non-repeatable levels by time:
     D:2: 1171 daAuts
     D:3: 1026 daAuts
     D:1: 847 daAuts
     D:4: 174 daAuts
